Map: Tokamak LE

Players

Cyan

  • Race: Protoss Protoss
  • Spawn Location: 7:00

herO - Winner!

  • Race: Protoss Protoss
  • Spawn Location: 1:00

Event: Esports World Cup 2025

VOD

Have the link to the VOD?

Description

Time

  • Played on: July 22, 2025, 12:23 p.m.
  • Length: 11:33

All games in this series

Show
View Real Time Build Order
Export as new Build Order

Cyan Protoss 

Build Orders: Archon Immortal 

Get SALT Encoding   

  12  0:00  Probe  
  13  0:14  Probe  
  14  0:18  Pylon  
  14  0:25  Probe  
  15  0:33  Probe  
  15  0:36  Gateway  
  15  0:41  Probe  
  16  0:46  Assimilator  
  17  0:52  Probe  
  18  0:57  Assimilator  
  18  1:00  Probe  
  18  1:08  Probe  
  18  1:09  Gateway  
  20  1:19  Probe  
  21  1:28  Cybernetics Core  
  21  1:31  Probe  
  22  1:37  Pylon  
  22  1:43  Probe  
  23  1:55  Probe  
  24  2:05  Adept x2  
  24  2:06  Warp Gate  
  24  2:08  Probe  
  29  2:13  Pylon  
  29  2:17  Pylon  
  29  2:22  Probe  
  30  2:35  Sentry x2  
  34  2:40  Probe  
  35  2:52  Probe  
  35  2:55  Nexus  
  35  2:57  Sentry  
  38  3:04  Pylon  
  38  3:05  Probe  
  39  3:14  Robotics Facility  
  39  3:22  Probe  
  39  3:23  Shield Battery  
  40  3:34  Probe  
  41  3:46  Probe  
  42  3:50  Immortal  
  42  3:59  Probe  
  45  4:07  Sentry, Stalker  
  45  4:08  Probe  
  50  4:11  Probe  
  51  4:20  Probe  
  51  4:21  Immortal  
  51  4:23  Probe  
  57  4:31  Pylon  
  57  4:33  Probe  
  57  4:34  Phoenix  
  57  4:35  Probe  
  57  4:37  Gateway  
  59  4:41  Stalker  
  59  4:45  Probe  
  62  4:48  Pylon  
  62  4:50  Stalker  
  62  4:52  Probe  
  65  4:58  Phoenix, Warp Prism  
  67  5:14  Nexus  
  67  5:18  Pylon  
  67  5:19  Probe  
  68  5:23  Assimilator  
  68  5:27  Probe  
  68  5:28  Observer  
  69  5:31  Twilight Council  
  69  5:34  Forge  
  69  5:35  Probe  
  71  5:39  Probe  
  71  5:40  Stalker  
  71  5:41  Stalker x2  
  74  5:44  Stalker  
  74  5:48  Probe  
  77  5:50  Stalker  
  77  5:51  Protoss Ground Weapons Level 1  
  77  5:53  Immortal  
  77  5:55  Shield Battery  
  77  5:56  Probe  
  80  5:58  Charge  
  84  6:05  Probe  
  85  6:14  Probe  
  86  6:20  Pylon  
  86  6:22  Pylon  
  86  6:26  Probe  
  86  6:28  Pylon, Probe  
  86  6:29  Probe  
  89  6:36  Immortal  
  93  6:42  Probe  
  93  6:44  Gateway, Probe  
  93  6:45  Probe  
  96  6:52  Gateway  
  96  6:54  Gateway  
  96  7:03  Gateway  
  96  7:04  Gateway  
  96  7:11  Adept x2  
  96  7:14  Zealot  
  100  7:21  Protoss Ground Weapons Level 2  
  100  7:23  Gateway  
  100  7:24  Pylon, Warp Prism  
  100  7:25  Pylon x2  
  92  7:33  Zealot x2  
  98  7:37  Zealot  
  100  7:48  Zealot x3  
  102  7:55  Probe x3  
  102  7:56  Assimilator  
  105  8:00  Assimilator  
  105  8:01  Templar Archives  
  105  8:06  Gateway  
  105  8:07  Probe x3  
  105  8:08  Zealot x2  
  105  8:09  Pylon  
  112  8:19  Probe  
  115  8:24  Zealot x3  
  115  8:25  Zealot  
  121  8:32  Pylon  
  119  8:34  Nexus  
  118  8:50  High Templar x2  
  118  8:51  Nexus  
  118  8:52  Pylon  
  118  8:53  High Templar x3  
  118  8:54  High Templar  
  118  8:55  Pylon  
  130  8:56  Pylon  
  130  8:59  Archon  
  130  9:00  Pylon  
  130  9:01  Archon  
  130  9:02  Photon Cannon  
  130  9:04  Pylon, Shield Battery  
  130  9:06  Archon  
  130  9:16  Zealot  
  132  9:19  Warp Prism  
  132  9:22  High Templar x2  
  132  9:23  Zealot  
  132  9:24  Zealot  
  140  9:27  Archon  
  142  9:36  Zealot x5  
  144  9:48  Zealot x2  
  148  9:56  Zealot x7  
  148  9:59  Immortal  
  140  10:12  Shield Battery  
  140  10:13  Photon Cannon  
  118  10:23  High Templar x4  
  118  10:25  Zealot x4  
  132  10:28  Archon  
  132  10:29  Archon  
  132  10:31  Probe x2  
  134  10:39  Shield Battery  
  134  10:41  Observer  
  135  10:46  Shield Battery  
  127  10:59  Zealot x4  
  127  11:00  Zealot x5  
Show
View Real Time Build Order
Export as new Build Order

herO Protoss - Winner!

Build Orders: Phoenix Opening, Blink Stalkers 

Get SALT Encoding   

  12  0:00  Probe  
  13  0:12  Probe  
  14  0:17  Pylon  
  14  0:23  Probe  
  15  0:31  Probe  
  16  0:36  Gateway  
  16  0:39  Probe  
  16  0:45  Assimilator  
  17  0:50  Probe  
  18  0:59  Probe  
  19  1:04  Assimilator  
  19  1:07  Probe  
  19  1:09  Gateway  
  20  1:17  Probe  
  20  1:23  Cybernetics Core  
  21  1:29  Probe  
  22  1:34  Pylon  
  22  1:41  Probe  
  23  1:53  Probe  
  24  1:57  Stalker  
  24  2:00  Warp Gate  
  26  2:04  Pylon  
  26  2:08  Sentry  
  28  2:16  Phoenix  
  28  2:21  Pylon  
  28  2:27  Sentry  
  30  2:38  Nexus  
  30  2:44  Shield Battery  
  30  2:47  Probe  
  30  2:50  Sentry  
  33  2:59  Probe  
  33  3:03  Pylon  
  34  3:09  Shield Battery  
  34  3:15  Twilight Council  
  34  3:18  Probe  
  35  3:23  Stalker  
  37  3:30  Probe  
  40  3:42  Probe  
  39  3:54  Phoenix, Probe  
  40  3:59  Stalker, Blink  
  40  4:00  Probe  
  43  4:04  Probe  
  43  4:07  Robotics Facility  
  43  4:08  Probe  
  44  4:12  Probe  
  44  4:16  Probe  
  46  4:21  Probe  
  46  4:22  Phoenix  
  47  4:25  Stalker  
  47  4:27  Probe  
  47  4:28  Stalker  
  53  4:33  Probe  
  53  4:38  Pylon  
  54  4:40  Probe  
  54  4:43  Assimilator  
  54  4:44  Immortal  
  54  4:45  Probe  
  56  4:52  Probe  
  57  4:57  Probe  
  62  5:07  Pylon  
  62  5:08  Stalker x2  
  66  5:15  Pylon  
  66  5:17  Pylon  
  70  5:31  Gateway  
  70  5:32  Gateway  
  70  5:33  Pylon  
  70  5:37  Stalker  
  70  5:39  Stalker  
  74  5:52  Immortal, Nexus  
  74  5:56  Probe x2  
  76  6:02  Stalker  
  76  6:03  Stalker  
  80  6:11  Forge, Probe  
  80  6:12  Probe  
  82  6:23  Shield Battery  
  82  6:24  Probe  
  82  6:25  Probe, Charge  
  84  6:31  Observer  
  85  6:35  Protoss Ground Weapons Level 1, Stalker x3  
  85  6:39  Stalker  
  91  6:40  Probe  
  91  6:42  Probe  
  93  6:49  Observer  
  93  6:52  Probe  
  95  6:54  Probe  
  95  6:55  Gateway  
  96  7:02  Gateway  
  96  7:05  Stalker x2  
  100  7:09  Probe x3  
  100  7:12  Assimilator  
  103  7:16  Shield Battery  
  103  7:21  Photon Cannon  
  97  7:30  Probe x3  
  97  7:33  Stalker x3  
  97  7:36  Photon Cannon  
  105  7:39  Sentry  
  106  7:47  Probe x3  
  108  7:52  Gateway  
  108  7:57  Stalker x4  
  116  8:02  Pylon  
  116  8:04  Pylon  
  116  8:07  Observer  
  116  8:11  Gateway  
  116  8:13  Pylon  
  116  8:14  Pylon, Protoss Ground Weapons Level 2  
  116  8:15  Warp Prism  
  116  8:19  Assimilator  
  116  8:21  Observer, Templar Archives  
  118  8:29  Pylon  
  118  8:37  Nexus  
  118  8:39  Nexus  
  117  8:47  Photon Cannon  
  115  8:50  Zealot  
  117  8:55  Shield Battery  
  117  9:00  High Templar  
  117  9:01  High Templar, Zealot x3  
  127  9:05  Archon  
  127  9:07  Photon Cannon  
  127  9:09  Probe x3  
  130  9:12  Zealot  
  132  9:17  High Templar x2  
  132  9:21  Gateway, Archon  
  132  9:23  Gateway  
  136  9:29  Probe x3  
  136  9:37  Zealot x4  
  144  9:39  Observer  
  144  9:42  Pylon  
  144  9:43  Sentry  
  147  9:48  Zealot  
  136  10:01  Zealot x4  
  136  10:02  Immortal, Zealot  
  142  10:10  Zealot x3  
  146  10:15  Zealot  
  140  10:22  High Templar x3  
  140  10:23  High Templar  
  140  10:24  Pylon  
  140  10:26  Archon  
  140  10:27  Archon, Zealot  
  140  10:28  Zealot  
  152  10:32  Zealot x3  
  158  10:36  Pylon  
  158  10:37  Pylon  
  158  10:49  High Templar x2  
  162  10:50  Zealot  
  162  10:56  Zealot x7  
  170  10:59  Archon  
  125  11:16  Zealot x4  
  121  11:22  High Templar  
  121  11:23  High Templar, Zealot x4  
Tags
 
Add a new tag
Caveats
  • Supply blocks, unpowered buildings, or Contaminate may cause inaccurate times.
  • Supply counts are checked every 10 seconds.